 Dungeon Crawl Stone Soup version 0.31-a0-703-gcfe89afef6 (webtiles) character file.

Game seed: 16290909469487344270

536 arthad the Ruffian (level 7, -2/50 HPs)
             Began as a Djinni Shapeshifter on Sept 9, 2023.
             Slain by a gnoll
             ... wielding a +0 club
             ... led by a gnoll bouda
              (4 damage)
             ... on level 5 of the Dungeon.
             The game lasted 00:11:15 (3954 turns).

arthad the Ruffian (Djinni Shapeshifter)            Turns: 3954, Time: 00:11:15

Health: -2/50      AC:  2    Str: 15    XL:     7   Next: 50%
Gold:   296        EV: 13    Int: 11    God:
                   SH:  0    Dex: 13

rFire   + +          .
                       - Unarmed
rCold   x . .        (no shield)
rNeg    . . .        a - +0 animal skin
rPois   ∞            (helmet currently unavailable)
rElec   .            (cloak currently unavailable)
rCorr   .            (gloves currently unavailable)
SInv    .            (boots unavailable)
Will    +....        (no amulet)
Stlth   ++           (no ring)
HPRegen 0.28/turn    (no ring)
MPRegen 0.00/turn

%: infuse magic (-3 HP)
@: brilliant, beast-form, weakened, attractive, enlightened, flying, hasted,
very quick
A: beast (slay +2), flying, sickness immunity, fire resistance 2, cold
vulnerability 1, float, innate caster, HP casting, extra vitality 1
a: Begin Untransformation


You were on level 5 of the Dungeon.
You were a hulking beast.
You visited 1 branch of the dungeon, and saw 5 of its levels.

You collected 296 gold pieces.

Inventory:

Hand Weapons
 w - a +2 quarterstaff of chaos
Missiles
 t - 3 poisoned darts
 v - 4 boomerangs
Armour
 a - a +0 animal skin (worn)
 k - a +0 cloak
 x - a +2 cloak
 y - the +18 Lear's hauberk
   (You found it on level 4 of the Dungeon)
Jewellery
 s - a ring of fire
Talismans
 c - a beast talisman (active)
 d - a flux talisman
 r - a maw talisman
Scrolls
 e - a scroll of blinking {unknown}
 f - 2 scrolls of teleportation {unknown}
 g - 3 scrolls of identify {unknown}
 h - 2 scrolls of amnesia {unknown}
 j - 2 scrolls of silence {unknown}
 l - 2 scrolls of poison {unknown}
 m - a scroll of acquirement {unknown}
 p - a scroll of noise {unknown}
 u - 2 scrolls of immolation {unknown}
Potions
 b - a potion of lignification
 i - a potion of enlightenment
 o - a potion of brilliance
 q - 2 potions of haste
 z - 2 potions of mutation {unknown}
 A - a potion of degeneration {unknown}


   Skills:
 + Level 3.0 Fighting
 + Level 3.9 Dodging
 + Level 2.1 Stealth
 + Level 4.2 Unarmed Combat
 + Level 1.2 Spellcasting
 + Level 1.2 Conjurations
 + Level 1.2 Hexes
 + Level 1.2 Summonings
 + Level 1.2 Necromancy
 + Level 1.2 Translocations
 + Level 1.2 Transmutations
 + Level 1.2 Fire Magic
 + Level 1.2 Ice Magic
 + Level 1.2 Air Magic
 + Level 1.2 Earth Magic
 + Level 1.2 Poison Magic
 * Level 4.1 Shapeshifting


You knew the following spells:

 Your Spells              Type           Power      Damage    Failure   Level
a - Summon Small Mammal   Summ           20%        N/A       19%         1
b - Wereblood             Tmut           5%         N/A       28%         2
c - Volatile Blastmotes   Fire/Tloc      10%        2d10      50%         3
Your spell library was empty.

Dungeon Overview and Level Annotations

Branches:
Dungeon (5/15)
 Temple: D:4-7

Altars:
Ashenzari
Elyvilon
Hepliaklqana

Shops:
D:5 :


Innate Abilities, Weirdness & Mutations

You are a hulking beast.
Your limbs bulge with bestial killing power. (Slay +2)
You are flying.
You are immune to sickness and miasma.
You are immune to poison.
Your flesh is very heat resistant. (rF++)
You are vulnerable to cold. (rC-)
You float through the air rather than walking.
You learn spells naturally, not from books.
Your magical power is your life essence.
You have superior vitality. (+4 MHP)


Message History

The gnoll bouda barks out a call to the hunt!
It was a potion of enlightenment.
You feel more buoyant. The gnoll closely misses you.
It was a potion of haste.
You feel yourself speed up.
A gnoll comes into view. It is wielding a +0 flail.
The gnoll barely misses you.
The gnoll bouda barks out a call to the hunt!
The gnoll picks up the pace!
The gnoll moves out of view.
It was a potion of brilliance.
You feel clever all of a sudden. The gnoll closely misses you.
Okay, then.
You hit the gnoll.
The gnoll is lightly wounded.
The gnoll closely misses you.
You barely miss the gnoll. Your punch misses the gnoll.
The gnoll is lightly wounded.
The gnoll shouts!
The gnoll bouda gazes fiercely through you!
You feel your attacks grow feeble. The gnoll completely misses you.
It was a potion of attraction.
You feel attractive to monsters. The gnoll hits you with a +0 whip.
* * * LOW HITPOINT WARNING * * *
The gnoll hits you with a +0 club!
* * * LOW HITPOINT WARNING * * *
The gnoll bouda barks out a call to the hunt!
The gnoll picks up the pace!
The gnoll is attracted toward you.
The gnoll bouda is attracted toward you.
The gnoll bouda gazes fiercely through you!
You feel as though you will be weak longer.
The gnoll bouda is attracted toward you.
The gnoll is attracted toward you. x2
The gnoll is attracted toward you. The gnoll attacks as it pursues you!
The gnoll hits you with a +0 club.
You die...

.....##......##.#...###.........#
###gg........##.§...###..........
.g.........###g§##............#
...#######.#§##...##.......##
...#≈≈≈≈≈#>.g....###..#...... .
...#≈8.8≈#.gS..######.#....>. ..
#≈._§≈#..gg...#.#......... ..g
#≈8.8§#..g....#........... ?...
#≈≈.§§#..h...............# .....
#'######.#......#...####
......##...............#.....#
.......................#....##
........g.<....(...........##
.............##.###..#.....#
.............#### ######..##
.........#....## ####
......#....#.<.#


You could see a gnoll bouda, 4 gnolls and an adder.

Vanquished Creatures
  An ogre (D:4)
  A centaur (D:5)
  2 hounds
  Crazy Yiuf (D:3)
  An orc priest (D:4)
  2 sleepcaps (D:5)
  An iguana (D:4)
  3 adders
  A white imp (D:5)
  2 worms (D:2)
  3 dart slugs (D:1)
  9 orcs
  4 endoplasms
  7 giant cockroaches
  8 goblins
  7 hobgoblins
  6 jackals
  4 kobolds
  2 quokkas
  7 ball pythons
  11 bats
  6 frilled lizards
89 creatures vanquished.

Vanquished Creatures (collateral kills)
  An orc wizard (D:4)
  An adder (D:3)
  A hobgoblin (D:4)
3 creatures vanquished.

Vanquished Creatures (others)
  A human (D:4)
1 creature vanquished.

Grand Total: 93 creatures vanquished

Notes
Turn   | Place    | Note
-------+----------+-------------------------------------------
     0 | D:1      | arthad the Djinni Shapeshifter began the quest for the Orb.
     0 | D:1      | Reached XP level 1. HP: 17/17 MP: 0/0
   141 | D:1      | Reached XP level 2. HP: 20/22 MP: 0/0
   393 | D:1      | Reached XP level 3. HP: 13/27 MP: 0/0
   393 | D:1      | Learned a level 1 spell: Summon Small Mammal
  1173 | D:2      | Reached XP level 4. HP: 31/33 MP: 0/0
  1825 | D:3      | Reached skill level 1 in Stealth
  1825 | D:3      | Reached XP level 5. HP: 16/38 MP: 0/0
  1825 | D:3      | Learned a level 2 spell: Wereblood
  1995 | D:3      | Found a broken altar of Ashenzari.
  1995 | D:3      | Found a white marble altar of Elyvilon.
  2168 | D:3      | Found a runed translucent door.
  2169 | D:3      | Noticed Crazy Yiuf
  2742 | D:3      | Killed Crazy Yiuf
  2875 | D:4      | Reached XP level 6. HP: 44/44 MP: 0/0
  3157 | D:4      | Found the +18 Lear's hauberk
  3402 | D:4      | Noticed a human
  3406 | D:4      | Killed a human
  3414 | D:4      | Noticed an ogre
  3439 | D:4      | Killed an ogre
  3440 | D:4      | Reached skill level 1 in Spellcasting
  3440 | D:4      | Reached skill level 1 in Conjurations
  3440 | D:4      | Reached skill level 1 in Hexes
  3440 | D:4      | Reached skill level 1 in Summonings
  3440 | D:4      | Reached skill level 1 in Necromancy
  3440 | D:4      | Reached skill level 1 in Translocations
  3440 | D:4      | Reached skill level 1 in Transmutations
  3440 | D:4      | Reached skill level 1 in Fire Magic
  3440 | D:4      | Reached skill level 1 in Ice Magic
  3440 | D:4      | Reached skill level 1 in Air Magic
  3440 | D:4      | Reached skill level 1 in Earth Magic
  3440 | D:4      | Reached skill level 1 in Poison Magic
  3440 | D:4      | Reached XP level 7. HP: 47/49 MP: 0/0
  3440 | D:4      | Learned a level 3 spell: Volatile Blastmotes
  3480 | D:5      | Entered Level 5 of the Dungeon
  3643 | D:5      | Found Ler Zops's Vocational Training.
  3827 | D:5      | Found a hazy altar of Hepliaklqana.
  3950 | D:5      | HP: 1/50 [gnoll/+0 club[a gnoll bouda] (8)]
  3954 | D:5      | Slain by a gnoll

Illustrated notes

Levels and vault maps discovered:
D:1:      dpeg_arrival_houses_and_road, layout_loops_ring, minmay_bisected
D:2:      layout_loops_ring, minmay_tiny_reverse_x
D:3:      kennysheep_the_goblin_king, layout_basic, jmf_multi_god_temple,
          hangedman_abyss_or_decor_stabs, st_stairs_5, grunt_decor_clamped,
          kennysheep_small_spiral, nicolae_underground_beach,
          uniq_crazy_yiuf_cottage
D:4:      layout_gridville, tgw_kikubaaqudgha, solitary_fountain
D:5:      layout_cave_pools, kennysheep_little_box, temple_hall, serial_shops,
          nicolae_shop_dealshenge, nicolae_shop_vocational

Skill      XL: |  1  2  3  4  5  6  7 |
---------------+----------------------+-----
Shapeshifting  | 3 4 |  4.1
Fighting       | 2 3 |  3.0
Dodging        | 3 |  3.9
Stealth        | 1 2 |  2.1
Unarmed Combat | 4 |  4.2
Spellcasting   | 1 |  1.2
Conjurations   | 1 |  1.2
Hexes          | 1 |  1.2
Summonings     | 1 |  1.2
Necromancy     | 1 |  1.2
Translocations | 1 |  1.2
Transmutations | 1 |  1.2
Fire Magic     | 1 |  1.2
Ice Magic      | 1 |  1.2
Air Magic      | 1 |  1.2
Earth Magic    | 1 |  1.2
Poison Magic   | 1 |  1.2

Action                     |  1- 3 |  4- 6 |  7- 9 || total
---------------------------+-------+-------+-------++-------
  Melee: Unarmed           |   110 |   162 |    37 ||   309
         Punch             |     3 |     7 |     1 ||    11
  Throw: Dart              |       |     4 |       ||     4
         Boomerang         |       |     2 |       ||     2
   Cast: Summon Small Mamm |       |    31 |     7 ||    38
    Use: Potion            |       |       |     4 ||     4
   Stab: Sleeping          |     2 |     2 |       ||     4
         Distracted        |       |       |     1 ||     1
 Armour: Animal skin       |    64 |    78 |    32 ||   174
  Dodge: Dodged            |    88 |   106 |    18 ||   212

Table legend: (Time is in decaauts)
 A = Elapsed time spent in this place.
 B = Non-inter-level travel time spent in this place.
 C = Inter-level travel time spent in this place.
 D = Time resting spent in this place.
 E = Time spent auto-exploring this place.
 F = Levels seen in this place.
 G = Mean time per level.
                   A        B        C        D        E       F      G
               +--------+--------+--------+--------+--------+-----+--------+
         Total |   3931 |   3798 |    133 |    110 |   2906 |   5 |  786.2 |
       Dungeon |   3931 |   3798 |    133 |    110 |   2906 |   5 |  786.2 |
               +--------+--------+--------+--------+--------+-----+--------+

Top non-repeatable levels by time:
     D:3: 1100 daAuts
     D:1: 868 daAuts
     D:2: 868 daAuts
     D:4: 650 daAuts
     D:5: 443 daAuts
